 Dungeon Crawl Stone Soup version 0.31.0-32-g396128a36d (webtiles) character file.

Game seed: 3358303424097090825

71940 Tommers the Basher (level 14, 0/118 HPs)
             Began as a Grey Draconian Conjurer on Apr 1, 2024.
             Was an Initiate of Gozag.
             Slain by a komodo dragon (23 damage)
             ... on level 3 of the Lair of Beasts on Apr 2, 2024.
             The game lasted 02:38:05 (32989 turns).

Tommers the Basher (Grey Draconian Conjurer)       Turns: 32989, Time: 02:38:06

Health: 0/118      AC: 20    Str: 16    XL:     14   Next: 99%
Magic:  5/28       EV: 16    Int: 21    God:    Gozag
Gold:   3817       SH:  0    Dex: 15    Spells: 3/34 levels left

rFire   . . .        p - +6 whip "Wedwaen" {protect, Dex+3}
rCold   . . .        (no shield)
rNeg    . . .        (body armour unavailable)
rPois   .            (helmet restricted)
rElec   .            n - +0 cloak
rCorr   .            K - +2 pair of gloves
SInv    .            T - +2 pair of boots {rampage}
Will    ++...        (no amulet)
Stlth   ++           A - ring of willpower
HPRegen 0.39/turn    E - +6 ring of strength
MPRegen 0.21/turn

%: rampage
@: no status effects
A: AC +13, amphibious, unfitting armour, cold-blooded
a: Renounce Religion, Potion Petition, Call Merchant, Bribe Branch


You were on level 3 of the Lair of Beasts.
You worshipped Gozag.
Gozag was most pleased with you.
You visited 4 branches of the dungeon, and saw 21 of its levels.

You collected 5657 gold pieces.
You spent 1728 gold pieces at shops.
You paid 112 gold pieces to Gozag.

Inventory:

Hand Weapons
 p - the +6 whip "Wedwaen" (weapon) {protect, Dex+3}
   (You found it on level 3 of the Dungeon)

   Dex+3:     It affects your dexterity (+3).
 H - the +2 flail of Evvomal {freeze, rPois rN+ Stlth-}
   (You found it on level 9 of the Dungeon)

   rPois:     It protects you from poison rN+: It protects you from negative
   energy.
   Stlth-:    It makes you less stealthy.
 J - the +1 morningstar "Kimeqigh" {freeze, rF+ MP+9 Dex+2}
   (You found it on level 10 of the Dungeon)

   Dex+2:     It affects your dexterity (+2).
   rF+:       It protects you from fire.
   MP+9:      It affects your magic capacity (+9).
Missiles
 g - 12 curare-tipped darts (quivered)
 F - 2 throwing nets
Armour
 n - a +0 cloak (worn)
 K - a +2 pair of gloves (worn)
 T - a +2 pair of boots of rampaging (worn)
Jewellery
 A - a ring of willpower (left hand)
 E - a +6 ring of strength (right hand)
 S - a ring of positive energy
Talismans
 N - a dragon-blood talisman
 U - the blade talisman of Cenuapewn {Int+7}
   (You found it on level 12 of the Dungeon)

   [blade talisman]

   Int+7:     It affects your intelligence (+7).
 W - a granite talisman
Wands
 s - a wand of roots (11)
 z - a wand of paralysis (11)
 G - a wand of flame (20)
 L - a wand of polymorph (6)
 M - a wand of digging (7)
 Q - a wand of mindburst (3)
Scrolls
 b - 4 scrolls of amnesia
 c - 4 scrolls of blinking {unknown}
 i - a scroll of silence
 l - a scroll of butterflies
 m - 4 scrolls of poison
 r - a scroll of enchant weapon {unknown}
 t - 2 scrolls of teleportation
 u - a scroll of torment {unknown}
 v - a scroll of vulnerability
 w - 3 scrolls of fog
 x - a scroll of immolation
 y - 2 scrolls of fear
 O - a scroll of brand weapon {unknown}
Potions
 a - 2 potions of magic
 d - 2 potions of might
 f - a potion of cancellation
 h - a potion of invisibility {unknown}
 j - 2 potions of curing
 k - a potion of haste {unknown}
 o - 2 potions of attraction
 q - 10 potions of ambrosia
 B - 2 potions of enlightenment {unknown}
 C - 3 potions of mutation
 D - 4 potions of brilliance {unknown}
 I - 2 potions of lignification {unknown}
 R - 3 potions of heal wounds {unknown}
 V - 2 potions of berserk rage {unknown}


   Skills:
 - Level 9.0 Fighting
 - Level 14.1 Maces & Flails
 - Level 7.7 Dodging
 - Level 1.7 Stealth
 - Level 10.7 Spellcasting
 - Level 9.0 Conjurations
 - Level 4.3 Necromancy
 - Level 4.3 Translocations
 - Level 6.1 Earth Magic
 - Level 7.3 Evocations
 * Level 12.7 Shapeshifting


You had 3 spell levels left.
You knew the following spells:

 Your Spells              Type           Power      Damage    Failure   Level
a - Magic Dart            Conj           100%       1d8       1%          1
b - Searing Ray           Conj           98%        2d8       1%          2
c - Stone Arrow           Conj/Erth      86%        3d12      1%          3
d - Iskenderun's Mystic   Conj/Tloc      39%        2d9       3%          4
e - Dispel Undead         Necr           29%        3d13      10%         4
f - Lee's Rapid Deconstr  Erth           18%        3d11*     14%         5
g - Passage of Golubria   Tloc           29%        N/A       10%         4
h - Blink                 Tloc           58%        N/A       1%          2
i - Bombard               Conj/Erth      21%        9d4       38%         6

Your spell library contained the following spells:

 Spells                   Type           Power      Damage    Failure   Level
 Kiss of Death            Conj/Necr      100%       2d13      1%          1
 Shock                    Conj/Air       100%       1d9       1%          1
 Lesser Beckoning         Tloc           58%        N/A       1%          2
 Fugue of the Fallen      Necr           29%        N/A       3%          3
 Gell's Gravitas          Tloc           29%        N/A       3%          3
 Teleport Other           Tloc           29%        N/A       3%          3
 Volatile Blastmotes      Fire/Tloc      40%        2d13      8%          3
 Call Imp                 Summ           22%        N/A       9%          2
 Ensorcelled Hibernation  Hex/Ice        22%        N/A       9%          2
 Confusing Touch          Hex            11%        N/A       19%         3
 Inner Flame              Hex/Fire       11%        N/A       19%         3
 Swiftness                Air            11%        N/A       19%         3
 Tukima's Dance           Hex            11%        N/A       19%         3
 Flame Wave               Conj/Fire      30%        2d9       10%         4
 Fulminant Prism          Conj/Alch      15%        3d10      10%         4
 Leda's Liquefaction      Alch/Erth      12%        N/A       17%         4
 Anguish                  Hex/Necr       10%        N/A       24%         4
 Vhi's Electric Charge    Tloc/Air       40%        N/A       24%         4
 Arcjolt                  Conj/Air       15%        1d25      26%         5
 Airstrike                Air            5%         2d(1-17)  52%         4
 Sticky Flame             Fire/Alch      11%        2d5       52%         4
 Summon Forest            Summ/Tloc      10%        N/A       56%         5
 Summon Mana Viper        Hex/Summ       11%        N/A       86%         5
 Yara's Violent Unravell  Hex/Alch       5%         3d4       86%         5
 Summon Cactus Giant      Summ           5%         N/A       100%        6
 Haunt                    Necr/Summ      10%        N/A       100%        7
 Infestation              Necr           14%        N/A       100%        8
 Lehudib's Crystal Spear  Conj/Erth      21%        10d6      100%        8
 Maxwell's Capacitive Co  Air            5%         ∞         100%        8
 Animate Dead             Necr           Unusable   N/A       N/A         4
 Animate Armour           Summ/Erth      Unusable   N/A       N/A         4

Dungeon Overview and Level Annotations

Branches:
Dungeon (14/15)            Temple (1/1) D:7            Lair (5/5) D:10
  Swamp (0/4) Lair:3        Snake (0/4) Lair:3        Slime (0/5) Lair:5
    Orc (1/2) D:10         Vaults (0/5) D:13

Altars:
Ashenzari
Cheibriados
Dithmenos
Elyvilon
Fedhas
Gozag
Hepliaklqana
Kikubaaqudgha
Makhleb
Nemelex Xobeh
Okawaru
Qazlal
Ru
Sif Muna
Trog
Uskayaw
Vehumet
Wu Jian
Xom
Yredelemnul
Zin
The Shining One
Jiyva

Shops:
D:1 *   D:5 **::(   D:11 :

Portals:
Abyss: D:8

Annotations:
D:13 exclusion: 2 oklob plants
D:14 Frances
Lair:3 jombi's ghost, journeyman DsHW
Lair:5 3 runed translucent doors


Innate Abilities, Weirdness & Mutations

Your dull iron-grey scales are very hard. (AC +13)
You are amphibious.
You cannot fit into any form of body armour.
You are cold-blooded and may be slowed by cold attacks.


Message History

You see here a ring of protection from fire.
The six-headed hydra bites you but does no damage. x3
The six-headed hydra closely misses you.
The six-headed hydra bites you but does no damage.
The six-headed hydra completely misses you.
You see here a lightning rod (4/4).
The six-headed hydra attacks as it pursues you!
The six-headed hydra bites you. The six-headed hydra barely misses you.
The six-headed hydra bites you. The six-headed hydra bites you!
The six-headed hydra bites you but does no damage.
The six-headed hydra bites you!
You see here 14 gold pieces.
The six-headed hydra attacks as it pursues you!
The six-headed hydra bites you but does no damage.
The six-headed hydra closely misses you.
The six-headed hydra bites you but does no damage.
The six-headed hydra bites you.
* * * LOW HITPOINT WARNING * * *
The six-headed hydra bites you but does no damage.
The six-headed hydra misses you.
Jombi's ghost gestures wildly while chanting.
Jombi's ghost blinks!
Jombi's ghost misses you.
Your magical contamination has completely faded away.
Jombi's ghost attacks as it pursues you!
Jombi's ghost hits you.
* * * LOW HITPOINT WARNING * * *
The cerulean imp hits you from afar with a +2 spear.
* * * LOW HITPOINT WARNING * * *
There is a transporter here.
You enter the transporter and appear at another place.
Jombi's ghost hits you!
* * * LOW HITPOINT WARNING * * *
You are lethally poisoned!
The komodo dragon closely misses you.
You feel better.
Jombi's ghost gestures wildly while chanting.
The komodo dragon bites you!!
You die...
Your body crumbles into a pile of gold.

#............#.#..........
#.......###..####.........
#......###P...####........
##.....#.##....#.###.......
#.................#........
##.......5....##...#.......
##.....#....#..##.##.......
#.........lW....#..........
#.....####@###.............
###.#####..###.##............
#...#....#......##....P#.....
##.##...#...#....#....##.....
##.#.....$#..##..#.........P.
#..#..##..©..#5.©#...........
#..#....$#.....#.##..........
##.##$##$.[###..D.#..#P.###..
#..#....)=}$.#..##..#### ##.


You could see a komodo dragon, jombi's ghost and a cerulean imp (summoned).

Vanquished Creatures
  Snorg (D:14)
  An entropy weaver (shapeshifter) (D:13)
  A rakshasa (D:8)
  7 hydras
  2 boulder beetles
  4 centaur warriors
  6 two-headed ogres
  The ghost of utis the Cruncher, a novice DgGl (D:8)
  Nergalle (D:10)
  2 skysharks (Lair:5)
  An arcanist (D:13)
  2 bog bodies (Lair:3)
  3 ugly things
  2 lindwurms
  4 deep elf pyromancers
  2 manticores
  The ghost of VAZYLA the Changeling, a novice OnSh of Wu Jian (D:5)
  7 cyclopes
  9 elephants
  A moth of wrath (Lair:3)
  4 meliai (D:13)
  3 black mambas
  4 torpor snails
  5 cane toads
  2 unseen horrors
  6 gargoyles
  3 molten gargoyles (Lair:5)
  2 rime drakes
  14 komodo dragons
  Jeremiah (D:6)
  Psyche (D:9)
  A freezing wraith (D:14)
  2 queen bees
  7 trolls
  A queen bee (shapeshifter) (D:13)
  Grinder (D:5)
  10 blink frogs
  4 dream sheep (Lair:5)
  2 spriggans (shapeshifter) (D:13)
  3 shadows
  A vampire (D:13)
  12 wyverns
  Eustachio (D:6)
  61 yaks
  3 steam dragons
  A warg (D:10)
  A death yak simulacrum (Lair:4)
  5 vampire mosquitoes
  7 basilisks
  3 nagas (Lair:3)
  2 acid dragons (D:11)
  4 hell hounds (Lair:5)
  15 water moccasins
  11 orc warriors
  3 black bears
  2 sky beasts
  2 ice beasts
  5 ogres
  2 laughing skulls (D:13)
  4 wolves
  12 centaurs
  A phantom (D:6)
  A kobold brigand (D:9)
  5 gnoll sergeants
  9 bullfrogs
  2 small abominations (D:8)
  2 scorpions
  29 wights
  2 elephant simulacra (Lair:4)
  60 killer bees
  2 howler monkeys
  3 lava snakes (Lair:5)
  2 jellies
  4 hounds
  2 orc priests
  A gnoll bouda (D:5)
  An iguana (D:6)
  An iron imp (D:8)
  7 orc wizards
  6 hell rats (Lair:1)
  A polar bear simulacrum (Lair:4)
  A wolf simulacrum (Lair:4)
  10 adders
  32 gnolls
  A shadow imp (D:6)
  2 white imps (D:7)
  3 dart slugs
  40 orcs
  9 bats
  11 endoplasms
  2 giant cockroaches
  6 goblins
  9 hobgoblins
  7 jackals
  A quokka (D:2)
  10 ball pythons
  3 frilled lizards
  12 kobolds
  5 rats
596 creatures vanquished.

Vanquished Creatures (others)
  A killer bee (D:13)
  A kobold (D:9)
2 creatures vanquished.

Grand Total: 598 creatures vanquished

Notes
Turn   | Place    | Note
-------+----------+-------------------------------------------
     0 | D:1      | Tommers the Draconian Conjurer began the quest for the Orb.
     0 | D:1      | Reached XP level 1. HP: 14/14 MP: 3/3
   199 | D:1      | Reached XP level 2. HP: 22/22 MP: 0/5
   272 | D:1      | Learned a level 2 spell: Searing Ray
   627 | D:1      | Reached skill level 1 in Fighting
   950 | D:1      | Found Omeal's General Store.
   952 | D:1      | Bought a potion of curing for 36 gold pieces
  1105 | D:1      | Reached XP level 3. HP: 27/28 MP: 3/6
  1236 | D:2      | Noticed a scorpion
  1346 | D:2      | Found a faded altar of an unknown god.
  1626 | D:2      | Killed a scorpion
  1627 | D:2      | Reached XP level 4. HP: 36/36 MP: 0/8
  2287 | D:3      | Identified the +6 whip "Wedwaen" {protect, Dex+3}
  2301 | D:3      | Reached XP level 5. HP: 41/41 MP: 1/10
  2583 | D:3      | Found a radiant altar of Vehumet.
  2616 | D:3      | Found an opulent altar of Gozag.
  2958 | D:4      | Noticed an angel
  2960 | D:4      | Found a glowing silver altar of Zin.
  2964 | D:4      | Found a shimmering altar of Xom.
  3672 | D:4      | Found an iron altar of Okawaru.
  3689 | D:4      | Found a stormy altar of Qazlal.
  3702 | D:4      | Noticed an ogre
  3928 | D:4      | Killed an ogre
  3929 | D:4      | Reached XP level 6. HP: 42/50 MP: 1/12
  4296 | D:5      | Entered Level 5 of the Dungeon
  4315 | D:5      | Reached skill level 5 in Conjurations
  4372 | D:5      | Found Buijaukk's Antique Weapon Emporium.
  4393 | D:5      | Reached skill level 1 in Evocations
  4434 | D:5      | Your scales start taking on a dull iron-grey colour.
  4434 | D:5      | Reached XP level 7. HP: 57/57 MP: 9/13
  4562 | D:5      | Found a hazy altar of Hepliaklqana.
  4695 | D:5      | Noticed Grinder
  4728 | D:5      | Found a runed translucent door.
  4733 | D:5      | Noticed VAZYLA's ghost (novice OnSh)
  4975 | D:5      | Found Wese's Book Boutique.
  4980 | D:5      | Found Ymadgh's Book Boutique.
  4987 | D:5      | Reached skill level 5 in Spellcasting
  5121 | D:5      | Found Wawyaq's Assorted Antiques.
  5177 | D:5      | Found Mip Fit's Assorted Antiques.
  5470 | D:6      | Reached XP level 8. HP: 64/66 MP: 7/16
  5719 | D:6      | Noticed Eustachio
  5738 | D:6      | Killed Eustachio
  6061 | D:6      | Noticed Jeremiah
  6093 | D:6      | Killed Jeremiah
  6282 | D:6      | Reached skill level 5 in Fighting
  6768 | D:6      | Reached XP level 9. HP: 74/74 MP: 5/19
  7155 | D:7      | Found a staircase to the Ecumenical Temple.
  7180 | Temple   | Entered the Ecumenical Temple
  7311 | D:3      | Became a worshipper of Gozag Ym Sagoz the Greedy
  7350 | D:5      | Killed Grinder
  7421 | D:5      | Found a hide-covered altar of Uskayaw.
  7511 | D:6      | Reached skill level 5 in Dodging
  9493 | D:8      | Found a transporter.
  9495 | D:8      | Found a transporter.
  9495 | D:8      | Noticed a white ugly thing
  9504 | D:8      | Found a one-way gate to the infinite horrors of the Abyss.
  9970 | D:8      | Reached XP level 10. HP: 80/84 MP: 10/22
 10035 | D:8      | Reached skill level 5 in Evocations
 10419 | D:8      | You fall into a shaft and drop 1 floor!
 10560 | D:5      | Bought a book of Armaments for 432 gold pieces
 10564 | D:5      | Learned a level 3 spell: Stone Arrow
 10662 | D:8      | Noticed a rakshasa
 10700 | D:8      | Reached skill level 1 in Earth Magic
 10945 | D:8      | Found a snail-covered altar of Cheibriados.
 11164 | D:9      | Noticed Psyche
 11169 | D:9      | Noticed a two-headed ogre
 11199 | D:9      | Killed Psyche
 11238 | D:9      | Killed a two-headed ogre
 11249 | D:9      | Learned a level 4 spell: Iskenderun's Mystic Blast
 11254 | D:9      | Learned a level 4 spell: Dispel Undead
 11465 | D:9      | Identified the +2 flail of Evvomal {freeze, rPois rN+
                  | Stlth-}
 11839 | D:9      | Reached skill level 1 in Necromancy
 12096 | D:9      | Reached skill level 1 in Translocations
 12320 | D:9      | Reached XP level 11. HP: 89/92 MP: 8/24
 12661 | D:10     | Entered Level 10 of the Dungeon
 12873 | D:10     | Identified the +1 morningstar "Kimeqigh" {freeze, rF+ MP+9
                  | Dex+2}
 13653 | D:10     | Noticed Nergalle
 13664 | D:10     | Killed Nergalle
 13895 | D:10     | Noticed a red ugly thing
 13910 | D:10     | Killed a red ugly thing
 13911 | D:10     | Reached skill level 10 in Spellcasting
 14042 | D:10     | Found a staircase to the Lair.
 14053 | D:10     | Reached skill level 5 in Earth Magic
 14234 | D:10     | Found a staircase to the Orcish Mines.
 14652 | D:5      | Bought a manual of Maces & Flails for 960 gold pieces
 14792 | Lair:1   | Entered Level 1 of the Lair of Beasts
 15090 | D:10     | Reached skill level 1 in Maces & Flails
 15155 | Lair:1   | Reached XP level 12. HP: 99/103 MP: 16/26
 15899 | Lair:1   | Reached skill level 2 in Maces & Flails
 16562 | Lair:1   | Reached skill level 3 in Maces & Flails
 16727 | Lair:1   | You fall into a shaft and drop 1 floor!
 17303 | Lair:2   | Noticed a boulder beetle
 17336 | Lair:2   | Killed a boulder beetle
 17555 | Lair:2   | Noticed a seven-headed hydra
 17561 | Lair:2   | Killed a seven-headed hydra
 18123 | Lair:2   | Reached skill level 4 in Maces & Flails
 18250 | Lair:2   | Reached skill level 1 in Shapeshifting
 18693 | Lair:3   | Learned a level 5 spell: Lee's Rapid Deconstruction
 18714 | Lair:3   | Reached skill level 5 in Maces & Flails
 19122 | Lair:3   | Reached skill level 6 in Maces & Flails
 19424 | Lair:3   | Found a staircase to the Snake Pit.
 19462 | Lair:3   | Found a staircase to the Swamp.
 19480 | Lair:3   | Reached XP level 13. HP: 111/111 MP: 6/27
 19615 | Lair:3   | Found a transporter.
 19638 | Lair:3   | Noticed jombi's ghost (journeyman DsHW)
 19653 | Lair:3   | Found a transporter.
 20529 | Lair:4   | Reached skill level 7 in Maces & Flails
 20546 | Lair:4   | Found a frozen archway.
 20555 | Lair:4   | Reached skill level 5 in Shapeshifting
 21339 | Lair:4   | Reached skill level 8 in Maces & Flails
 21830 | Lair:5   | Entered Level 5 of the Lair of Beasts
 22379 | Lair:5   | Reached skill level 9 in Maces & Flails
 22702 | Lair:5   | Found a runed translucent door.
 22703 | Lair:5   | Found a viscous altar of Jiyva.
 22703 | Lair:5   | Noticed an acid blob
 22704 | Lair:5   | Noticed an acid blob
 22705 | Lair:5   | Found a staircase to the Slime Pits.
 23232 | Lair:5   | Reached skill level 10 in Maces & Flails
 23270 | Lair:5   | Noticed a fire dragon
 23271 | Lair:5   | Found a large runed translucent door.
 23272 | Lair:5   | Found a large runed translucent door.
 24455 | D:5      | Killed VAZYLA's ghost
 24566 | D:8      | Noticed utis's ghost (novice DgGl)
 24595 | D:8      | Reached skill level 11 in Maces & Flails
 24748 | D:8      | Killed utis's ghost
 25069 | D:11     | Reached XP level 14. HP: 118/118 MP: 13/28
 26117 | D:11     | Found Xuedghal's Book Boutique.
 26211 | D:11     | Bought Great Wizards, Vol. VII for 300 gold pieces
 26216 | D:11     | Learned a level 4 spell: Passage of Golubria
 26314 | D:12     | Reached skill level 10 in Shapeshifting
 26636 | D:12     | Identified the blade talisman of Cenuapewn {Int+7}
 26730 | D:12     | Reached skill level 12 in Maces & Flails
 27065 | D:12     | Learned a level 2 spell: Blink
 27072 | D:12     | Learned a level 6 spell: Bombard
 28050 | D:14     | Noticed Snorg
 28065 | D:14     | Killed Snorg
 28328 | D:14     | Noticed Frances
 28908 | D:13     | Reached skill level 13 in Maces & Flails
 29532 | D:13     | Noticed a storm dragon
 29706 | Orc:1    | Entered Level 1 of the Orcish Mines
 29719 | Orc:1    | Noticed an orc warlord
 30560 | D:13     | Reached skill level 14 in Maces & Flails
 30624 | D:13     | Found a gate to the Vaults.
 32989 | Lair:3   | Slain by a komodo dragon

Illustrated notes

Levels and vault maps discovered:
D:1:      sevenhm_arrival_forest_fort_small_3, layout_loops_ring, serial_shops,
          nicolae_shop_trees
D:2:      layout_loops_ring, chequers_ecumenical_altar_simple
D:3:      layout_rooms, nicolae_overflow_hidden_temple,
          kennysheep_generic_room_4
D:4:      layout_layer_cave, mainiacjoe_overflow_large_starburst,
          grunt_temple_overflow_order_and_chaos_1, kennysheep_path_1
D:5:      layout_basic, mainiacjoe_overflow_small_starburst,
          nicolae_uskayaw_suspiria, serial_shops, shop, shop, shop, shop,
          nicolae_shop_window_shopping, ebering_ghost_reflecting_pool,
          uniq_grinder
D:6:      layout_cave_pods, hex_medium, roderic_batcave,
          kennysheep_pointless_box, minmay_misc_feat_plants, uniq_jeremiah,
          uniq_eustachio
D:7:      layout_layer_cave, minmay_temple_entry_tees
D:8:      layout_loops_ring, cheibriados_altar_1, serial_aquarium,
          aquarium_bridge_island_small [aquarium_subvault_small_water,
          aquarium_subvault_bridge, aquarium_subvault_wall,
          aquarium_subvault_wall, aquarium_subvault_bridge], aquarium_window_2,
          aquarium_window_fake, aquarium_window_fake, aquarium_view_2d,
          aquarium_balcony_3a, gammafunk_ghost_abyssal_escape,
          hangedman_decor_diamond_cutter, kennysheep_generic_room_13
D:9:      layout_small_grid, uniq_psyche
D:10:     layout_roguey, david_lair_shrubbed, minmay_orc_entry_guard_dogs,
          kennysheep_generic_room_12, uniq_nergalle
D:11:     layout_roguey [special_room_bee], serial_shops, nicolae_shop_crystal
D:12:     layout_cave_pods
D:13:     hangedman_what_comes_after_a, layout_gridville, david_vaults_1,
          serial_rivers, chequers_serial_rivers_small_a,
          chequers_serial_rivers_micro_d, chequers_serial_rivers_large_b,
          chequers_serial_rivers_room_b, chequers_serial_rivers_micro_e
D:14:     layout_stronghold, serial_shops, shop, serial_bayou_lagoon_a,
          uniq_nessos, uniq_frances, uniq_snorg
Temple:   nicolae_temple_figure_eight
Lair:1:   layout_regular_city
Lair:2:   layout_long_grid, minmay_lindwurm_lava, grunt_megastairs_1
Lair:3:   layout_gridlike, skrybe_swamp_entry_bodies,
          nicolae_snake_entry_squirm, gammafunk_ghost_berserking_beasts,
          serial_bayou_pond_d, serial_bayou_shore_b
Lair:4:   layout_gridlike, portal_ice_cave_entry_ice_simulacra, pond
Lair:5:   cheibrodos_lair_end_hotspot, layout_concentric_octagons, slime_entry_2
Orc:1:    layout_caves

Skill      XL: |  1  2  3  4  5  6  7  8  9 10 11 12 13 14 |
---------------+-------------------------------------------+-----
Dodging        | 2 3 4 5 6 7 |  7.7
Fighting       | 1 2 3 4 5 6 7 8 9 |  9.0
Spellcasting   | 3 4 5 6 8 9 10 | 10.7
Conjurations   | 5 6 7 8 9 |  9.0
Evocations     | 1 2 3 4 5 6 7 |  7.3
Earth Magic    | 3 5 6 |  6.1
Necromancy     | 1 3 4 |  4.3
Translocations | 1 3 4 |  4.3
Maces & Flails | 1 6 11 14 | 14.1
Shapeshifting  | 4 9 12 | 12.7
Stealth        | |  1.7

Action                     |  1- 3 |  4- 6 |  7- 9 | 10-12 | 13-15 || total
---------------------------+-------+-------+-------+-------+-------++-------
  Melee: Short sword       |    25 |       |       |       |       ||    25
         Tailslap          |     2 |     5 |    17 |    91 |   222 ||   337
         Morningstar       |     1 |    11 |       |       |       ||    12
         Whip              |       |    20 |   105 |   402 |  1050 ||  1577
         Punch             |       |       |     1 |     8 |    20 ||    29
         Unarmed           |       |       |       |       |     3 ||     3
         Bite              |       |       |       |       |     1 ||     1
   Cast: Magic Dart        |    26 |    50 |   128 |   143 |    91 ||   438
         Searing Ray       |    14 |    20 |    60 |    51 |    21 ||   166
         Stone Arrow       |       |       |       |   142 |   266 ||   408
         Iskenderun's Myst |       |       |       |    10 |    36 ||    46
         Dispel Undead     |       |       |       |       |     4 ||     4
         Lee's Rapid Decon |       |       |       |       |    20 ||    20
         Passage of Golubr |       |       |       |       |     2 ||     2
  Evoke: Wand              |       |       |     6 |    21 |    21 ||    48
    Use: Scroll            |       |     7 |     3 |     7 |    15 ||    32
         Potion            |       |       |     1 |       |     4 ||     5
   Stab: Sleeping          |     2 |     2 |     1 |     1 |       ||     6
         Distracted        |       |       |       |     1 |     8 ||     9
 Armour: Skin              |     9 |    16 |   155 |   417 |   827 ||  1424
  Dodge: Dodged            |    24 |    27 |   163 |   384 |   815 ||  1413
         Form:             |       |       |       |       |     2 ||     2
         Blade             |       |       |       |       |     1 ||     1
         Dragon            |       |       |       |       |     1 ||     1
